 Dungeon Crawl Stone Soup version 0.22-b1-21-g5cfc1688f2 (webtiles) character file.

93 IceCat the Grave Robber (level 4, 0/24 HPs)
             Began as a Deep Elf Necromancer on Aug 8, 2018.
             Slain by an orc wizard
             ... wielding a +0 dagger
              (7 damage)
             ... on level 3 of the Dungeon.
             The game lasted 00:11:16 (2294 turns).

IceCat the Grave Robber (Deep Elf Necromancer)      Turns: 2294, Time: 00:11:17

Health: 0/24       AC:  4    Str:  5    XL:     4   Next: 37%
Magic:  11/12      EV: 13    Int: 21    God:
Gold:   115        SH:  0    Dex: 15    Spells: 9/11 levels left

rFire    . . .     SeeInvis .   i - +0 dagger
rCold    . . .     Gourm    .   (no shield)
rNeg     . . .     Faith    .   l - +1 animal skin
rPois    .         Spirit   .   m - +0 helmet
rElec    .         Reflect  .   (no cloak)
rCorr    .         Harm     .   (no gloves)
MR       .....                  (no boots)
Stlth    ++........             (no amulet)
HPRegen  0.08/turn              (no ring)
MPRegen  0.13/turn              (no ring)

@: no status effects
A: no striking features
a: no special abilities


You were on level 3 of the Dungeon.
You were not hungry.

You visited 1 branch of the dungeon, and saw 3 of its levels.

You collected 115 gold pieces.

Inventory:

Hand Weapons
 i - a +0 dagger (weapon)
Armour
 a - a +0 robe
 l - a +1 animal skin (worn)
 m - a +0 helmet (worn)
 r - a +0 cloak
Jewellery
 g - an uncursed amulet of regeneration {unknown}
Scrolls
 b - 3 scrolls of identify
 d - a scroll of teleportation {unknown}
 f - 2 scrolls of blinking
 o - 2 scrolls of remove curse
Potions
 e - 2 potions of heal wounds {unknown}
 h - a potion of ambrosia {unknown}
 k - a potion of might {unknown}
 n - a potion of lignification {unknown}
 p - a potion of haste {unknown}
 q - a potion of mutation {unknown}
 s - a potion of flight {unknown}
 t - a potion of invisibility {unknown}
Comestibles
 c - 7 rations
 j - 2 chunks of flesh


   Skills:
 + Level 0.1 Fighting
 + Level 2.6 Dodging
 + Level 2.5 Stealth
 + Level 4.3 Spellcasting
 + Level 6.3 Necromancy


You had 9 spell levels left.
You knew the following spells:

 Your Spells              Type           Power        Failure   Level  Hunger
a - Pain                  Necr           ####         1%          1    None
b - Animate Skeleton      Necr           N/A          1%          1    None

Your spell library contained the following spells:

 Spells                   Type           Power        Failure   Level  Hunger
 Animate Dead             Necr           N/A          9%          4    ####...
 Vampiric Draining        Necr           ####......   2%          3    ##.....
 Regeneration             Chrm/Necr      ###.......   10%         3    ##.....


Dungeon Overview and Level Annotations

Branches:
Dungeon (3/15)

Altars:
Fedhas


Message History

Aim: an orc, wielding a short sword and wearing a leather armour (chance to defeat MR: 93%)
The orc writhes in agony!
You kill the orc!
Casting: Pain (safe; 1% risk of failure)
Confirm with . or Enter, or press ? or * to list all spells.
You can't see any susceptible monsters within range! (Use Z to cast anyway.)
There is a stone staircase leading up here.
You hit something. Something hits you.
An orc comes into view. It is wielding a dagger.
You closely miss something.
You hear some strange, mumbled words.
A puff of flame appears from out of thin air!
The puff of flame hits you!
You miss something.
You hear some strange, mumbled words.
A magic dart appears from out of thin air!
The magic dart hits you!
* * * LOW HITPOINT WARNING * * *
Something hits you!
You die...

.........#.#.#.#
.........+........
.........#.###.#.#
#.).........#.#
#.#....####.#.#
#.#....o......##
#..............#
###......#.{..##
+......#..@..#
#......#...#.#
#......#.....#
........#.#####[#
.....#####.......#
.#... #########


You could see an orc (wandering).

Vanquished Creatures
  Robin (D:2)
  An adder (D:3)
  A worm (D:2)
  3 dart slugs
  2 leopard geckos (D:1)
  4 orcs
  A ball python (D:2)
  6 bats
  2 giant cockroaches
  14 goblins
  5 hobgoblins
  3 jackals (D:1)
  6 kobolds
  A quokka (D:2)
  2 frilled lizards (D:1)
  3 rats (D:1)
55 creatures vanquished.

Vanquished Creatures (collateral kills)
  A goblin (D:2)
1 creature vanquished.

Grand Total: 56 creatures vanquished

Notes
Turn   | Place    | Note
-------+----------+-------------------------------------------
     0 | D:1      | IceCat the Deep Elf Necromancer began the quest for the Orb.
     0 | D:1      | Reached XP level 1. HP: 10/10 MP: 6/6
    10 | D:1      | Reached skill level 5 in Necromancy
   260 | D:1      | Reached XP level 2. HP: 10/15 MP: 4/8
   738 | D:1      | Learned a level 1 spell: Animate Skeleton
  1060 | D:1      | Reached XP level 3. HP: 17/19 MP: 6/9
  1394 | D:2      | Noticed Robin
  1441 | D:2      | Killed Robin
  1607 | D:2      | Reached skill level 6 in Necromancy
  1716 | D:2      | Reached XP level 4. HP: 15/24 MP: 9/12
  2139 | D:2      | Found a blossoming altar of Fedhas.
  2294 | D:3      | Slain by an orc wizard

Skill      XL: |  1  2  3 |
---------------+----------+-----
Necromancy     | 5 6 |  6.3
Spellcasting   | 4 |  4.3
Fighting       | |  0.1
Dodging        | |  2.6
Stealth        | |  2.5

Action                   |  1- 3 |  4- 6 || total
-------------------------+-------+-------++-------
Melee: Dagger            |       |     3 ||     3
 Cast: Pain              |    78 |    25 ||   103
       Animate Skeleton  |     8 |     4 ||    12
  Use: Scroll            |     3 |       ||     3
  Eat: Chunk             |     2 |     2 ||     4
Armor: Robe              |     3 |       ||     3
       Animal skin       |     2 |       ||     2
Dodge: Dodged            |     9 |     6 ||    15
